 Dungeon Crawl Stone Soup version 0.21-a0-633-g4c047d5 (webtiles) character file.

16 theanonym the Vexing (level 2, 0/11 HPs)
             Began as a Felid Enchanter on Dec 28, 2017.
             Slain by a bullfrog (5 damage)
             ... on level 2 of the Dungeon.
             The game lasted 00:02:57 (1463 turns).

theanonym the Vexing (Felid Enchanter)              Turns: 1463, Time: 00:02:58

Health: 0/11       AC:  1    Str:  4    XL:     2   Next: 37%
Magic:  1/6        EV: 18    Int: 16    God:
Gold:   60         SH:  0    Dex: 16    Spells: 2/5 levels left
                                        Lives:  0   Deaths: 0

rFire    . . .     SeeInvis +     - Unarmed
rCold    . . .     Gourm    .   (shield unavailable)
rNeg     . . .     Faith    .   (armour unavailable)
rPois    .         Spirit   .   (helmet unavailable)
rElec    .         Reflect  .   (cloak unavailable)
rCorr    .         Harm     .   (gloves unavailable)
MR       .....                  (boots unavailable)
Stlth    +++.......             (no amulet)
HPRegen  0.03/turn              (no ring)
MPRegen  0.10/turn              (no ring)

@: quick
A: very small, no armour, no weapons or thrown items, stealth, claws 1, fangs 3,
see invisible, carnivore, speed 1, shaggy fur 1, slow metabolism 1, sharp paws
a: no special abilities


Innate Abilities, Weirdness & Mutations

You cannot wear armour.
You are incapable of wielding weapons or throwing items.
Your paws allow you to move quietly. (Stealth)
You have sharp claws.
You have razor-sharp teeth.
You have supernaturally acute eyesight. (SInv)
You are carnivorous and can eat meat at any time.
You cover ground quickly.
You are covered in fur. (AC +1)
You have a slow metabolism.
Your sharp claws are effective at attacking unaware monsters.


   Skills:
 - Level 2.6 Dodging
 + Level 4.2 Stealth
 * Level 1.9 Unarmed Combat
 - Level 2.0 Spellcasting
 + Level 4.7 Hexes


You had 2 spell levels left.
You knew the following spells:

 Your Spells              Type           Power        Failure   Level  Hunger
a - Corona                Hex            ###....      3%          1    #......
b - Ensorcelled Hibernat  Hex/Ice        #.....       12%         2    ###....

Action                   || total
-------------------------++-------
Melee: Unarmed           ||    49
       Bite              ||     4
 Cast: Ensorcelled Hiber ||     3
 Stab: Sleeping          ||     6
  Eat: Chunk             ||     8
Armor: Skin              ||     1
Dodge: Dodged            ||    39

Inventory:

Scrolls
 b - 2 scrolls of blinking {unknown}
 c - a scroll of teleportation {unknown}
 h - a scroll of enchant weapon {unknown}
Potions
 d - a potion of magic {unknown}
 f - a potion of lignification {unknown}
 g - a potion of flight {unknown}
 j - a potion of curing {unknown}
Books
 a - a book of Maledictions
Comestibles
 e - 3 rations
 i - 2 chunks of flesh


You were on level 2 of the Dungeon.
You were completely stuffed.

You visited 1 branch of the dungeon, and saw 2 of its levels.

You collected 60 gold pieces.

Dungeon Overview and Level Annotations

Branches:
Dungeon (2/15)

Altars:


Message History

You scratch the rat but do no damage. You scratch the rat.
You kill the rat!
No target in view!
No target in view!
You start resting.
Health restored: 11 You see here a scale mail {10}.
You now have 39 gold pieces (gained 15).
You now have 53 gold pieces (gained 14).
Found a chain mail.
You see here a chain mail.
Found 11 stones.
Found a stone staircase leading up.
You now have 60 gold pieces (gained 7).
h - a scroll labeled GIAMICV HILECK
There is a stone staircase leading up here.
A frilled lizard comes into view.
A frilled lizard is nearby!
A frilled lizard is nearby!
A frilled lizard is nearby!
A frilled lizard is nearby!
You see here a fuming cyan potion.
You scratch the frilled lizard but do no damage.
The frilled lizard bites you.
You take 2 damage, and have 9/11 hp.
You scratch the frilled lizard.
You kill the frilled lizard!
No target in view!
No target in view!
You start resting.
Health restored: 11 You butcher the frilled lizard corpse.
i - a chunk of flesh
j - a fuming cyan potion
Found an escape hatch in the floor.
A frilled lizard comes into view.
A frilled lizard is nearby!
A frilled lizard is nearby!
The frilled lizard hisses angrily.
You scratch the frilled lizard.
You kill the frilled lizard!
No target in view!
No target in view!
You butcher the frilled lizard corpse.
i - 2 chunks of flesh (gained 1)
Found a stone staircase leading down.
A bat comes into view.
A bat is nearby!
A bat is nearby!
A bat is nearby!
A bat is nearby!
You pounce on the unaware helpless bat!
You claw the bat!
You kill the bat!
No target in view!
A giant cockroach comes into view.
You see here a bat corpse.
A giant cockroach is nearby!
A giant cockroach is nearby!
You closely miss the giant cockroach. The giant cockroach bites you.
You take 2 damage, and have 9/11 hp.
You scratch the giant cockroach. You bite the giant cockroach.
The giant cockroach closely misses you. The giant cockroach bites you.
You take 1 damage, and have 8/11 hp.
You closely miss the giant cockroach. The giant cockroach barely misses you.
You scratch the giant cockroach but do no damage.
The giant cockroach misses you.
You scratch the giant cockroach.
You kill the giant cockroach!
No target in view!
You start resting.
A bullfrog comes into view.
You regained 2 hp, and now have 10/11 hp.
A bullfrog is nearby!
Aim: a bullfrog (hasn't noticed you, chance to defeat MR: 40%)
The bullfrog croaks.
The bullfrog resists with some effort.
You now have 4/6 mp.
Aim: a bullfrog (chance to defeat MR: 40%)
The bullfrog resists with some effort.
The bullfrog releases a deep croak.
You now have 2/6 mp.
Aim: a bullfrog (chance to defeat MR: 40%)
The bullfrog looks drowsy...
* * * LOW MAGIC WARNING * * *
You now have 0/6 mp.
You pounce on the unaware helpless bullfrog!
You claw the bullfrog! The bullfrog barely misses you. x2
You scratch the bullfrog. Your bite misses the bullfrog. The bullfrog hits you.
You take 5 damage, and have 5/11 hp.
MASSIVE DAMAGE!!
The bullfrog barely misses you.
Found a stone staircase leading down.
The bullfrog hits you.
You take 1 damage, and have 4/11 hp.
You don't have enough magic to cast that spell.
Unknown command.
A rat comes into view.
Found 19 gold pieces.
The bullfrog hits you.
You die...

###...#.##
#.#
......#.#.##
..
.......###.#
#.# #######
#..# #.#
#.#.# #.#
#.#.# ##.# #
#.# ###...
##.#F#
#.....
#...@#
#.#...
#$r....#
##.#
.........#
##.#
###......#
#...
##...### #
#... #.##
####.#... #.
......... #!
####.....
#...(.


You could see a bullfrog and a rat (sleeping).

Notes
Turn   | Place    | Note
-------+----------+-------------------------------------------
     0 | D:1      | theanonym the Felid Enchanter began the quest for the Orb.
     0 | D:1      | Reached XP level 1. HP: 7/7 MP: 4/4
   254 | D:1      | Reached XP level 2. HP: 6/11 MP: 6/6
   401 | D:1      | Learned a level 2 spell: Ensorcelled Hibernation
  1445 | D:2      | Noticed a bullfrog
  1451 | D:2      | HP: 5/11 [bullfrog (5)]
  1459 | D:2      | HP: 4/11 [bullfrog (1)]
  1463 | D:2      | Slain by a bullfrog

Vanquished Creatures
  A dart slug (D:1)
  2 bats
  2 giant cockroaches
  A hobgoblin (D:1)
  3 kobolds (D:1)
  3 frilled lizards
  3 rats
15 creatures vanquished.

Table legend:
 A = Turns spent in this place as a percentage of turns spent in the entire game.
 B = Non-inter-level travel turns spent in this place as a percentage of non-inter-level travel turns spent in the entire game.
 C = Inter-level travel turns spent in this place as a percentage of turns spent in this place.
 D = Turns resting spent in this place as a percentage of non-inter-level travel turns spent in this place.
 E = Turns spent auto-exploring this place as a percentage of non-inter-level travel turns spent in this place.
 F = Non-inter-level travel turns spent in this place divided by the number of levels of this place that you've seen.
                   A       B       C       D       E      F
               +-------+-------+-------+-------+-------+----------------------
         Total | 100.0 | 100.0 |   7.9 |  36.7 |  52.1 | 673.5
       Dungeon | 100.0 | 100.0 |   7.9 |  36.7 |  52.1 | 673.5
               +-------+-------+-------+-------+-------+----------------------
